 Dungeon Crawl Stone Soup version 0.31-a0-876-gfe8ebadbca (webtiles) character file.

Game seed: 15597436133042173764

18 Azuregosa the Sneak (level 2, -6/21 HPs)
             Began as an Octopode Delver on Oct 13, 2023.
             Mangled by an orc
             ... wielding a +4 falchion
              (7 damage)
             ... on level 5 of the Dungeon.
             The game lasted 00:00:55 (116 turns).

Azuregosa the Sneak (Octopode Delver)                Turns: 116, Time: 00:00:55

Health: -6/21      AC:  1    Str: 11    XL:     2   Next: 66%
Magic:  2/2        EV: 13    Int: 12    God:
Gold:   0          SH:  0    Dex: 13    Spells: 1/1 levels left

rFire   . .          .
                       - Unarmed
rCold   . . .        (no shield)
rNeg    . . .        (helmet restricted)
rPois   .            (no amulet)
rElec   .            (no ring)
rCorr   .            (no ring)
SInv    .            (no ring)
Will    .....        (no ring)
Stlth   +++++        (no ring)
HPRegen 0.23/turn    (no ring)
MPRegen 0.08/turn    (no ring)
                     (no ring)

%: no passive effects
@: no status effects
A: almost no armour, amphibious, 8 rings, camouflage 1, gelatinous body 1,
(nimble swimmer 1), tentacles
a: no special abilities


You were on level 5 of the Dungeon.
You visited 1 branch of the dungeon, and saw 1 of its levels.

Inventory:

Wands
 e - a wand of digging (3)
Scrolls
 a - a scroll of fog
 b - 2 scrolls of revelation
 c - a scroll of fear
 f - a scroll of identify {unknown}
 g - a scroll of blinking {unknown}
Potions
 d - a potion of haste


   Skills:
 - Level 3.0 Fighting
 - Level 2.0 Dodging
 + Level 7.5 Stealth
 - Level 2.0 Unarmed Combat


You had one spell level left.
You didn't know any spells.
Your spell library was empty.

Dungeon Overview and Level Annotations

Branches:
Dungeon (5/15)
 Temple: D:4-7

Altars:


Innate Abilities, Weirdness & Mutations

You cannot wear most types of armour.
You are amphibious.
You can wear up to eight rings at the same time.
Your skin changes colour to match your surroundings (Stealth+).
Your rubbery body absorbs attacks. (AC +1, EV +1)
((You are camouflaged when in or above water. (Stealth+)))
You have tentacles for arms and can constrict up to eight enemies at once.


Message History

You kill the adder!
You feel sick. The adder barely misses you.
Your Stealth skill increases to level 7!
You have reached level 2!
You tentacle-slap the adder. You grab the adder.
The adder is moderately wounded.
You constrict the adder.
You feel sick. The adder barely misses you.
You tentacle-slap the adder.
The adder is severely wounded.
You constrict the adder.
You feel sick. The adder closely misses you.
You tentacle-slap the adder.
You kill the adder!
You start resting.
You feel sick.
You are no longer poisoned.
You start resting.
HP restored.
You see here an adder corpse.
A hound comes into view.
The hound moves out of view.
g - a scroll labelled LIUK HYUWING An orc comes into view.
It is wielding a +4 falchion.
The orc shouts!
You tentacle-slap the orc but do no damage.
Your grab misses the orc. The orc hits you with a +4 falchion!
You closely miss the orc. You grab the orc. You constrict the orc.
The orc barely misses you.
You tentacle-slap the orc.
The orc is moderately wounded.
You constrict the orc, but do no damage.
The orc barely misses you.
You tentacle-slap the orc.
The orc is severely wounded.
You constrict the orc. The orc hits you with a +4 falchion!
Ouch! That really hurt!
* * * LOW HITPOINT WARNING * * *
You tentacle-slap the orc but do no damage.
The orc is almost dead.
You constrict the orc, but do no damage.
The orc hits you with a +4 falchion!
You die...

******* *,,* ,,,**,* #.,* *****,*
#..* * *****,* #..########******
* ,,,,,,*******..#......,,,,,,* *
*****,,,,,,,*,.......,,****,* *
*****,*,,,,,,,,.....#*** *,*****
,,,,,>*****,*,,#o##.####***,,,,,,
,,,,,,*****,*,,#@.......,,,,,,,,,
,,,,,,,,,,,,,,,#..#.####***,,#**,
,,,,,,,,***,*,,#..#.# ***,.##*,
,,,,,,*,,**,#..#..#.### *,,....,,
,,,,,,,,,,*,#.........#####..#**.
,,,,,*,*,,.....#.............###.
,,,,,*,,,*..#..#..#..............
*,**,*,,,,.,#.....#.###..........
*,**,*****,,##.##.#.###.###......


You could see an orc.

Vanquished Creatures
  2 adders (D:5)
2 creatures vanquished.

Notes
Turn   | Place    | Note
-------+----------+-------------------------------------------
     0 | D:5      | Azuregosa the Octopode Delver began the quest for the Orb.
     0 | D:5      | Reached XP level 1. HP: 16/16 MP: 1/1
    39 | D:5      | Reached skill level 7 in Stealth
    39 | D:5      | Reached XP level 2. HP: 13/21 MP: 2/2
   115 | D:5      | HP: 1/21 [orc/+4 falchion (12)]
   116 | D:5      | Mangled by an orc

Illustrated notes

Levels and vault maps discovered:
D:5:      layout_basic

Skill      XL: |  1 |
---------------+----+-----
Stealth        | 7 |  7.5
Fighting       | |  3.0
Dodging        | |  2.0
Unarmed Combat | |  2.0

Action                     || total
---------------------------++-------
  Melee: Unarmed           ||    14
         Constrict         ||     3
         Tentacles         ||     1
    Use: Scroll            ||     1
 Armour: Skin              ||     7
  Dodge: Dodged            ||    10

Table legend: (Time is in decaauts)
 A = Elapsed time spent in this place.
 B = Non-inter-level travel time spent in this place.
 C = Inter-level travel time spent in this place.
 D = Time resting spent in this place.
 E = Time spent auto-exploring this place.
 F = Levels seen in this place.
 G = Mean time per level.
                   A        B        C        D        E       F      G
               +--------+--------+--------+--------+--------+-----+--------+
         Total |    115 |    115 |      0 |     41 |     12 |   1 |  115.0 |
       Dungeon |    115 |    115 |      0 |     41 |     12 |   1 |  115.0 |
               +--------+--------+--------+--------+--------+-----+--------+

Top non-repeatable levels by time:
     D:5: 115 daAuts
